 Dungeon Sprint DCSS version 0.27.1-33-g824d729ab1 (webtiles) character file.

Game seed: 17349429174823121712

104 manyhoops the Thaumaturge (level 4, 0/24 HPs)
             Began as a Deep Elf Earth Elementalist on Nov 27, 2021.
             Slain by Sigmund (1 damage)
             ... in the Dungeon (Sprint I: "Red Sonja").
             The game lasted 00:00:27 (157 turns).

manyhoops the Thaumaturge (DEEE)                     Turns: 157, Time: 00:00:27

Health: 0/24       AC:  2    Str:  5    XL:     4   Next: 52%
Magic:  16/19      EV: 12    Int: 21    God:
Gold:   54         SH:  0    Dex: 15    Spells: 25/26 levels left

rFire    . . .     SeeInvis .   (no weapon)
rCold    . . .     Faith    .   (no shield)
rNeg     . . .     Spirit   .   b - +0 robe
rPois    .         Reflect  .   (no helmet)
rElec    .         Harm     .   (no cloak)
rCorr    .         Rampage  .   (no gloves)
Will     .....     NoTele   +   (no boots)
Stlth    ++........             (no amulet)
HPRegen  0.08/turn              (no ring)
MPRegen  0.16/turn              (no ring)

@: no status effects
A: no striking features
a: no special abilities


You were in the Dungeon.
You visited 1 branch You collected 54 gold pieces.

Inventory:

Missiles
 i - 19 stones
Armour
 b - a +0 robe (worn)
Scrolls
 h - a scroll of blinking
Potions
 c - a potion of curing
 e - a potion of haste
 f - 2 potions of magic


   Skills:
 - Level 2.4 Dodging
 - Level 2.4 Stealth
 + Level 11.9 Spellcasting
 - Level 1.1 Transmutations
 + Level 3.2 Earth Magic


You had 25 spell levels left.
You knew the following spells:

 Your Spells              Type           Power      Damage    Failure   Level
a - Sandblast             Erth           52%        2d12      1%          1

Your spell library contained the following spells:

 Spells                   Type           Power      Damage    Failure   Level
 Passwall                 Tmut/Erth      17%        N/A       3%          2
 Stone Arrow              Conj/Erth      38%        3d9       9%          3
 Petrify                  Tmut/Erth      21%        N/A       22%         4


Dungeon Overview and Level Annotations

Branches:
Dungeon (1/1)

Altars:

Annotations:
D Sigmund


Message History

You start resting.
Magic restored.
You open the door.
Found 54 gold pieces.
There is an open door here.
You now have 27 gold pieces.
You now have 54 gold pieces (gained 27).
There is an open door here.
You open the door.
Sigmund the Dreaded comes into view.
He is wielding a +2 vorpal scythe.
Unknown command.
Casting: Sandblast (safe; 1% risk of failure)
Confirm with . or Enter, or press ? or * to list all spells.
Aiming: Sandblast (safe; 1% risk of failure)
Press: ? - help, Shift-Dir - straight line, f - Sigmund
Aim: Sigmund, wielding a +2 vorpal scythe and wearing a +0 robe (asleep, 100% to hit)
The blast of sand hits Sigmund!
Sigmund is moderately wounded.
Sigmund shouts!
Sigmund casts a spell at you. The puff of flame hits you!
Ouch! That really hurt!
Casting: Sandblast (safe; 1% risk of failure)
Confirm with . or Enter, or press ? or * to list all spells.
Aiming: Sandblast (safe; 1% risk of failure)
Press: ? - help, Shift-Dir - straight line, f/p - Sigmund
Aim: Sigmund, wielding a +2 vorpal scythe and wearing a +0 robe (moderately wounded, 78% to hit)
The blast of sand hits Sigmund!
Sigmund is almost dead.
Unknown command.
Casting: Sandblast (safe; 1% risk of failure)
Confirm with . or Enter, or press ? or * to list all spells.
Aiming: Sandblast (safe; 1% risk of failure)
Press: ? - help, Shift-Dir - straight line, f/p - Sigmund
Aim: Sigmund, wielding a +2 vorpal scythe and wearing a +0 robe (almost dead, 78% to hit)
The blast of sand hits Sigmund.
Sigmund is almost dead.
Sigmund hits you from afar with a +2 vorpal scythe!
* * * LOW HITPOINT WARNING * * *
You die...

#############
#<.#..').#..+
#..)..#..'@.#
#..#####@#
#..# #..#
#..# ####
#..# #⌠⌠#
####


You could see Sigmund.

Vanquished Creatures
  An ogre (D)
  Ijyb (D)
2 creatures vanquished.

Notes
Turn   | Place    | Note
-------+----------+-------------------------------------------
     0 | D        | manyhoops the Deep Elf Earth Elementalist began the quest
                  | for the Orb.
     0 | D        | Reached XP level 1. HP: 10/10 MP: 6/6
     2 | D        | Noticed Ijyb
    15 | D        | Killed Ijyb
    16 | D        | Reached skill level 8 in Spellcasting
    16 | D        | Reached XP level 2. HP: 15/15 MP: 1/13
   100 | D        | Noticed an ogre
   102 | D        | Killed an ogre
   103 | D        | Reached skill level 11 in Spellcasting
   103 | D        | Reached XP level 3. HP: 19/19 MP: 12/18
   103 | D        | Reached XP level 4. HP: 24/24 MP: 12/19
   154 | D        | Noticed Sigmund
   157 | D        | HP: 1/24 [Sigmund (11)]
   157 | D        | Slain by Sigmund

Illustrated notes

Levels and vault maps discovered:
D:        dungeon_sprint_1 [red_sonja_temple_1, red_sonja_temple_small_1]

Skill      XL: |  1  2 |
---------------+-------+-----
Spellcasting   | 8 11 | 11.9
Dodging        | |  2.4
Stealth        | |  2.4
Transmutations | |  1.1
Earth Magic    | |  3.2

Action                   |  1- 3 |  4- 6 || total
-------------------------+-------+-------++-------
Melee: Unarmed           |     5 |       ||     5
 Cast: Sandblast         |     8 |     3 ||    11
  Use: Potion            |     2 |       ||     2
Dodge: Dodged            |     5 |       ||     5
